 Dungeon Crawl Stone Soup version 0.18.1-47-g9310371 (webtiles) character file.

8099 LORDOFBUTT the Cleaver (level 11, -17/148 HPs)
             Began as a Minotaur Berserker on June 15, 2016.
             Was a High Priest of Trog.
             Demolished by SharpCheddar's ghost (19 damage)
             ... on level 11 of the Dungeon.
             The game lasted 00:15:04 (8312 turns).

LORDOFBUTT the Cleaver (Minotaur Berserker)         Turns: 8312, Time: 00:15:04

Health: -17/148    AC: 15    Str: 28    XL:     11   Next: 5%
Magic:  10/10      EV: 15    Int:  4    God:    Trog [*****.]
Gold:   643        SH:  0    Dex: 12    Spells: 0 memorised, 10 levels left

rFire  . . .     SeeInvis .     h - +0 battleaxe
rCold  + . .     Gourm    .     j - +2 ring mail {rPois}
rNeg   . . .     Faith    .     (shield currently unavailable)
rPois  +         Spirit   .     (helmet restricted)
rElec  .         Dismiss  +     F - +1 cloak
rCorr  .         Reflect  .     (no gloves)
SustAt .         Harm     .     (no boots)
MR     .....                    q - amulet of dismissal
Stlth  ..........               v - +2 ring of protection
                                g - ring of protection from cold

@: berserking, very quick, not resistant to hostile enchantments, extremely
unstealthy
A: retaliatory headbutt, horns 2, thin metallic scales 1, wild magic 1
a: Berserk, Trog's Hand, Brothers in Arms, Burn Spellbooks, Renounce Religion


You were on level 11 of the Dungeon.
You worshipped Trog.
Trog was extremely pleased with you.
You were not hungry.

You visited 1 branch of the dungeon, and saw 11 of its levels.

You collected 643 gold pieces.

Inventory:

Hand Weapons
 h - a +0 battleaxe (weapon)
 m - a cursed -2 blowgun
Missiles
 n - 62 poisoned needles
 y - 6 needles of sleeping
Armour
 j - a +2 ring mail of poison resistance (worn)
 F - a +1 cloak (worn)
 N - a +3 scale mail
Jewellery
 g - a ring of protection from cold (left hand)
 l - an uncursed ring of loudness
 q - an amulet of dismissal (around neck)
 v - a +2 ring of protection (right hand)
 M - an uncursed amulet of the gourmand {unknown}
Wands
 x - a wand of polymorph (8/24)
 A - a wand of digging (11/24)
 B - a wand of lightning (8/15)
 H - a wand of iceblast (6/15)
Scrolls
 a - a scroll of fog {unknown}
 b - 2 scrolls of fear
 i - a scroll of teleportation
 o - a scroll of random uselessness {unknown}
 s - a scroll of amnesia {unknown}
 t - a scroll of recharging {unknown}
 w - 2 scrolls of enchant armour {unknown}
 D - 2 scrolls of remove curse
Potions
 d - 4 potions of agility
 e - 4 potions of curing
 f - 2 potions of haste
 p - a potion of might {unknown}
 r - a potion of magic
 u - 3 potions of ambrosia
 z - 3 potions of mutation
 C - 2 potions of berserk rage
 K - a potion of resistance {unknown}
 L - a potion of brilliance {unknown}
Comestibles
 c - 8 bread rations
 k - a meat ration
 E - 5 slices of pizza
 G - 2 beef jerkies
 I - 7 fruits


   Skills:
 * Level 10.1 Fighting
 * Level 10.6 Axes
 + Level 5.2 Throwing
 * Level 10.2 Armour
 * Level 9.0 Dodging


You had 10 spell levels left.
You didn't know any spells.

Dungeon Overview and Level Annotations

Branches:
Dungeon (11/15)            Temple (0/1) D:4            Lair (0/8) D:11
    Orc: D:9-12

Altars:
Cheibriados
Dithmenos
Gozag
Makhleb
Okawaru
Pakellas
Qazlal
The Shining One

Shops:
D:5 *   D:7 *

Annotations:
D:11 SharpCheddar's ghost, journeyman TrEE


Innate Abilities, Weirdness & Mutations

You reflexively headbutt those who attack you in melee.
You have a pair of horns on your head.
You are partially covered in thin metallic scales (AC +2).
Your spells are a little harder to cast, but a little more powerful.


Message History

The rocky blast hits you!
You slice SharpCheddar's ghost!! You headbutt SharpCheddar's ghost!
SharpCheddar's ghost is moderately damaged.
You slice the orc warrior!!
The orc warrior is severely wounded.
The orc warrior barely misses you.
SharpCheddar's ghost feints to the right.
SharpCheddar's ghost hits you but does no damage.
You slash the orc warrior! You headbutt the orc warrior.
You kill the orc warrior!
Trog accepts your kill.
You closely miss SharpCheddar's ghost.
SharpCheddar's ghost is moderately damaged.
SharpCheddar's ghost hits you!!
* * * LOW HITPOINT WARNING * * *
You slice SharpCheddar's ghost!!
Your headbutt misses SharpCheddar's ghost.
SharpCheddar's ghost is heavily damaged.
SharpCheddar's ghost hits you!!
You die...

..... ....#
....# # ....#
# #o...# #(.#
. #...<# #..#
..######W...#
#..#
.......@o...#
#..#
............#
#..#
............#
#..#
.......%....#
#..#
.......#....#
#..'
.......#....#
#..#
.......#....#
#...
.......#....#
#...
......)#....#
#...


You could see SharpCheddar's ghost and 2 orcs.

Vanquished Creatures
  Pikel (D:5)
  The ghost of kgarrison343 the Basher, a novice TrFi (D:6)
  The ghost of doroboNeko the Covert, a novice OpEn (D:4)
  A wyvern (D:9)
  6 yaks (D:10)
  A human (D:9)
  A hippogriff (D:11)
  2 hungry ghosts (D:11)
  Duvessa (D:6)
  A water moccasin (D:10)
  3 porcupines (D:11)
  4 orc warriors
  4 ice beasts
  2 sky beasts
  4 ogres
  2 black bears
  A phantom (D:10)
  A slave (D:5)
  6 centaurs
  A crocodile (D:9)
  4 giant frogs
  2 gnoll sergeants
  A wyvern skeleton (D:6)
  Dowan (D:6)
  2 scorpions
  A killer bee (D:10)
  A jelly (D:10)
  A giant frog zombie (D:7)
  A crimson imp (D:11)
  4 orc priests
  2 hounds (D:8)
  3 centaur skeletons
  2 iguanas
  7 orc wizards
  8 worker ants
  10 sheep (D:11)
  3 hound skeletons
  A worker ant zombie (D:10)
  9 gnolls
  13 adders
  A river rat (D:11)
  4 shadow imps
  An ooze (D:3)
  An adder zombie (D:6)
  2 adder skeletons
  A worm (D:5)
  A dart slug (D:2)
  4 giant geckos
  32 orcs
  5 giant cockroaches
  9 goblins
  5 hobgoblins
  14 jackals
  6 kobolds
  6 quokkas
  2 ball python skeletons (D:4)
  5 bats
  A giant cockroach zombie (D:5)
  2 giant gecko skeletons
  3 giant newts
  A quokka skeleton (D:6)
  8 rats
234 creatures vanquished.

Vanquished Creatures (collateral kills)
  The ghost of doroboNeko the Covert, a novice OpEn of Dithmenos (D:9)
1 creature vanquished.

Vanquished Creatures (others)
  A sky beast (D:5)
  A fungus (D:11)
  A plant (D:11)
3 creatures vanquished.

Grand Total: 238 creatures vanquished

Notes
Turn   | Place    | Note
--------------------------------------------------------------
     0 | D:1      | LORDOFBUTT the Minotaur Berserker began the quest for the Orb.
     0 | D:1      | Reached XP level 1. HP: 19/19 MP: 0/0
   143 | D:1      | Reached XP level 2. HP: 25/27 MP: 1/1
   805 | D:2      | Reached ** piety under Trog
   805 | D:2      | Reached XP level 3. HP: 25/33 MP: 2/2
  1345 | D:2      | Reached XP level 4. HP: 40/40 MP: 3/3
  1435 | D:3      | Reached skill level 5 in Axes
  1715 | D:3      | Found a stormy altar of Qazlal.
  1796 | D:3      | Reached *** piety under Trog
  1796 | D:3      | Reached XP level 5. HP: 47/47 MP: 4/4
  2086 | D:4      | Reached skill level 1 in Throwing
  2149 | D:4      | Found a staircase to the Ecumenical Temple.
  2197 | D:4      | Noticed doroboNeko's ghost (novice OpEn)
  2197 | D:4      | Reached XP level 6. HP: 53/55 MP: 5/5
  2204 | D:4      | Killed doroboNeko's ghost
  2204 | D:4      | Reached skill level 5 in Fighting
  2204 | D:4      | Reached skill level 5 in Armour
  2204 | D:4      | Reached XP level 7. HP: 61/61 MP: 6/6
  3004 | D:5      | Entered Level 5 of the Dungeon
  3004 | D:5      | Found an opulent altar of Gozag.
  3104 | D:5      | Found Orest's General Store.
  3131 | D:5      | Reached **** piety under Trog
  3150 | D:5      | Noticed Pikel
  3162 | D:5      | Killed Pikel
  3162 | D:5      | Reached skill level 5 in Dodging
  3162 | D:5      | Reached XP level 8. HP: 68/71 MP: 7/7
  3995 | D:6      | Noticed kgarrison343's ghost (novice TrFi)
  4199 | D:6      | Received a gift from Trog
  4200 | D:6      | Noticed Dowan
  4212 | D:6      | Killed Dowan
  4214 | D:6      | Noticed Duvessa
  4223 | D:6      | Killed Duvessa
  4273 | D:6      | Killed kgarrison343's ghost
  4273 | D:6      | Reached XP level 9. HP: 79/79 MP: 8/8
  5162 | D:7      | Gained mutation: You are partially covered in thin metallic scales (AC +2). [mutagenic meat]
  5163 | D:7      | Gained mutation: Your spells are a little harder to cast, but a little more powerful. [mutagenic meat]
  5339 | D:7      | Found Saux's General Store.
  5611 | D:8      | Found an oddly glowing altar of Pakellas.
  5655 | D:8      | Found a shadowy altar of Dithmenos.
  5658 | D:8      | Found a snail-covered altar of Cheibriados.
  6408 | D:9      | Reached ***** piety under Trog
  6468 | D:9      | Found a burning altar of Makhleb.
  6468 | D:9      | Found a glowing golden altar of the Shining One.
  6539 | D:9      | Reached XP level 10. HP: 88/91 MP: 9/9
  6579 | D:9      | Found an iron altar of Okawaru.
  6651 | D:9      | Noticed doroboNeko's ghost (novice OpEn)
  6689 | D:9      | Killed doroboNeko's ghost
  6935 | D:10     | Entered Level 10 of the Dungeon
  7254 | D:10     | Reached skill level 10 in Axes
  7581 | D:10     | Reached skill level 10 in Armour
  7907 | D:11     | Reached skill level 5 in Throwing
  7928 | D:11     | Reached skill level 10 in Fighting
  7964 | D:11     | Found a staircase to the Lair.
  7973 | D:11     | Received a gift from Trog
  8001 | D:11     | Reached XP level 11. HP: 43/99 MP: 10/10
  8298 | D:11     | Noticed SharpCheddar's ghost (journeyman TrEE)
  8311 | D:11     | HP: 2/148 [SharpCheddar's ghost (26)]
  8312 | D:11     | Demolished by SharpCheddar's ghost

Skill      XL: |  1  2  3  4  5  6  7  8  9 10 11 |
---------------+----------------------------------+-----
Axes           | 4 5 6 7 9 10 | 10.6
Fighting       | 4 5 6 7 9 10 | 10.1
Armour         | 3 4 5 6 7 9 10 | 10.2
Dodging        | 3 4 5 6 7 8 9 |  9.0
Throwing       | 1 2 3 4 5 |  5.2

Action                   |  1- 3 |  4- 6 |  7- 9 | 10-12 || total
-------------------------+-------+-------+-------+-------++-------
Melee: Hand axe          |    65 |    92 |    31 |       ||   188
       Headbutt          |     7 |    19 |    45 |    45 ||   116
       War axe           |       |       |   129 |       ||   129
       Battleaxe         |       |       |   103 |   196 ||   299
Invok: Berserk           |       |     3 |     8 |     5 ||    16
       Burn Spellbooks   |       |       |     1 |       ||     1
       Brothers in Arms  |       |       |       |     1 ||     1
  Use: Scroll            |       |     6 |     9 |     2 ||    17
 Stab: Confused          |       |       |       |     1 ||     1
  Eat: Bread ration      |     1 |       |       |       ||     1
       Fruit             |       |     4 |       |       ||     4
       Beef jerky        |       |     1 |     1 |       ||     2
       Meat ration       |       |       |     3 |     2 ||     5
       Pizza             |       |       |     4 |       ||     4
       Chunk             |       |       |     3 |       ||     3
Armor: Animal skin       |     5 |       |       |       ||     5
       Chain mail        |    27 |       |       |       ||    27
       Ring mail         |     1 |    37 |   109 |    89 ||   236
Dodge: Dodged            |    28 |    60 |   202 |   181 ||   471
